AoeStats
← Pillage The Village

Arabia

504305088Analyzed
1v1 RM · 27d ago on Sep 4, 2026· 48m 53s· 2 players
Game mode
Random Map
Map size
Tiny (2 player)
Population
200
Speed
Normal
Resources
Standard
Victory
Conquest
Starting age
Dark Age
Ending age
Imperial Age
RankedLock teamsTeams togetherTeam positionsShared explorationLock speedFull tech treeHidden civsTurbo modeCheats
Victory
Defeat
🇩🇪 Franks · Germany
1431
+18
🇧🇪 Mongols · Belgium
1484
-18
kab00m
5:11 Loom
9:09 Feudal Age
9:39 Double-Bit Axe
10:22 Man-at-Arms
15:02 Wheelbarrow
23:01 Castle Age
21:28 Fletching
22:34 Scale Barding Armor
23:10 Scale Barding Armor
23:58 Bow Saw
24:23 Husbandry
27:12 Bodkin Arrow
28:54 Chain Barding Armor
28:56 Gold Mining
30:14 Forging
30:25 Crossbowman
40:12 Imperial Age
37:12 Elite Skirmisher
38:52 Padded Archer Armor
41:46 Plate Barding Armor
43:38 Ballistics
43:38 Leather Archer Armor
43:39 Cavalier
48:42 Chemistry
Pillage The Village
5:47 Loom
8:24 Feudal Age
9:36 Double-Bit Axe
17:34 Fletching
18:22 Padded Archer Armor
23:03 Castle Age
22:32 Gold Mining
23:04 Elite Skirmisher
23:41 Bodkin Arrow
26:46 Husbandry
27:50 Bloodlines
28:00 Light Cavalry
28:55 Forging
33:27 Ballistics
38:39 Bow Saw
48:34 Imperial Age
Connection lost

Rejoining the realm…

Still unreachable

The connection could not be restored.

Session expired

The server has moved on; the page needs a fresh start.